 Dungeon Crawl Stone Soup version 0.20-a0-1078-g4874019 (webtiles) character file.

1820 Megalobster the Destroyer (level 8, 0/45 HPs)
             Began as a Deep Elf Conjurer on Apr 30, 2017.
             Slain by a killer bee (7 damage)
             ... on level 8 of the Dungeon.
             The game lasted 00:26:24 (6402 turns).

Megalobster the Destroyer (Deep Elf Conjurer)       Turns: 6402, Time: 00:26:25

Health: 0/45       AC:  5    Str:  5    XL:     8   Next: 85%
Magic:  16/29      EV: 14    Int: 23    God:
Gold:   291        SH:  4    Dex: 15    Spells: 6/21 levels left

rFire    + . .     SeeInvis .   l - +0 hunting sling
rCold    . . .     Gourm    .   t - +0 buckler
rNeg     . . .     Faith    .   a - +0 robe
rPois    .         Spirit   .   n - +0 helmet
rElec    .         Reflect  .   (no cloak)
rCorr    .         Harm     .   x - +0 pair of gloves
MR       .....                  y - +0 pair of boots
Stlth    ++........             (no amulet)
Regen    0.2/turn               u - ring of magical power
MPRegen  0.3/turn               B - ring of protection from fire

@: lethally poisoned (0 -> -4), drained
A: no striking features
a: no special abilities


You were on level 8 of the Dungeon.
You were not hungry.

You visited 1 branch of the dungeon, and saw 6 of its levels.
You also visited: Sewer.

You collected 291 gold pieces.

Inventory:

Hand Weapons
 d - a +0 whip of freezing
 l - a +0 hunting sling (weapon)
 w - a +1 dagger of protection
Missiles
 g - 122 stones (quivered)
 p - 17 sling bullets
Armour
 a - a +0 robe (worn)
 n - a +0 helmet (worn)
 t - a +0 buckler (worn)
 x - a +0 pair of gloves (worn)
 y - a +0 pair of boots (worn)
 A - a cursed -1 leather armour
Jewellery
 u - a ring of magical power (left hand)
 B - a ring of protection from fire (right hand)
Wands
 r - a wand of random effects (21/48)
Scrolls
 e - 2 scrolls of amnesia
 h - 3 scrolls of remove curse
 i - a scroll of fear {unknown}
 j - 2 scrolls of fog
 o - a scroll of enchant armour {unknown}
 q - 2 scrolls of blinking
 v - a scroll of recharging {unknown}
Potions
 f - 2 potions of agility
 m - a potion of curing
 s - a potion of lignification
 z - 3 potions of heal wounds
Books
 b - a book of Conjurations

   Spells                             Type                      Level
   a - Magic Dart                     Conjuration                  1
   b - Searing Ray                    Conjuration                  2
   c - Dazzling Spray                 Conjuration/Hexes            3
   d - Fulminant Prism                Conjuration/Hexes            4
   e - Force Lance                    Conjuration/Translocation    4
   f - Iskenderun's Mystic Blast      Conjuration                  4
Comestibles
 c - 4 bread rations
 k - a meat ration
 C - 3 chunks of flesh


   Skills:
 + Level 2.4 Fighting
 + Level 4.5 Dodging
 + Level 2.6 Stealth
 + Level 2.3(2.2) Shields
 + Level 7.2 Spellcasting
 * Level 8.7(8.6) Conjurations
 - Level 4.9 Hexes
 - Level 3.4(3.3) Translocations


You had 6 spell levels left.
You knew the following spells:

 Your Spells              Type           Power        Failure   Level  Hunger
a - Magic Dart            Conj           ####         1%          1    None
b - Searing Ray           Conj           #####.       1%          2    None
c - Iskenderun's Mystic   Conj           #####...     2%          4    ###....
d - Fulminant Prism       Conj/Hex       #####.....   5%          4    ###....
e - Force Lance           Conj/Tloc      #####...     8%          4    ###....


Dungeon Overview and Level Annotations

Branches:
Dungeon (5/15)             Temple (0/1) D:5

Altars:
Elyvilon


Message History

The killer bee barely misses you.
Casting: Force Lance
Confirm with . or Enter, or press ? or * to list all spells.
Aiming: Iskenderun's Mystic Blast
Press: ? - help, Shift-Dir - straight line, f/p - killer bee
Aim: a killer bee The orb of energy hits the killer bee.
You kill the killer bee!
The orb of energy explodes!
The mystic blast hits the killer bee.
The killer bee is heavily wounded.
You feel sick. The killer bee misses you. The killer bee barely misses you.
Casting: Iskenderun's Mystic Blast
Confirm with . or Enter, or press ? or * to list all spells.
Aiming: Iskenderun's Mystic Blast
Press: ? - help, Shift-Dir - straight line, f - killer bee
Aim: a killer bee (heavily wounded)
The orb of energy hits the killer bee.
You kill the killer bee!
The orb of energy explodes!
You feel sick. The killer bee stings you!
You die...

#.#..# ####z..^#
##.......# #..###.###
.# ####.## #.# ..
###....# ##y##.#
#...#### #zzz.>#
#####y########zy####
#...†@###.W....z#
..(.######$.##W........
.. ##..###.#.#.....
#####.......#.#.####
#.....W######.#.#
#.....## #...#
#....########.#
#....#........#
#####..####..#


You could see a killer bee.

Vanquished Creatures
  Pikel (D:5)
  A hungry ghost (D:4)
  Edmund (D:5)
  A phantom (D:4)
  3 slaves
  3 ogres (D:4)
  2 killer bees (D:8)
  A crimson imp (D:5)
  A hound (D:3)
  2 orc priests (D:3)
  An iguana (D:5)
  4 orc wizards
  A worker ant (D:4)
  A worker ant zombie (D:4)
  4 gnolls (D:3)
  14 adders
  2 river rats (D:4)
  10 oozes (Sewer)
  An adder zombie (D:5)
  3 worms
  3 dart slugs (D:1)
  16 leopard geckos
  19 orcs
  2 bat zombies (D:1)
  13 giant cockroaches
  11 hobgoblins
  10 jackals
  4 kobolds
  3 quokkas
  8 ball pythons
  7 bats
  9 frilled lizards
  7 goblins
  A jackal skeleton (D:4)
  2 leopard gecko skeletons (D:4)
  5 rats
177 creatures vanquished.

Vanquished Creatures (others)
  16 fulminant prisms
16 creatures vanquished.

Grand Total: 193 creatures vanquished

Notes
Turn   | Place    | Note
-------+----------+-------------------------------------------
     0 | D:1      | Megalobster the Deep Elf Conjurer began the quest for the Orb.
     0 | D:1      | Reached XP level 1. HP: 10/10 MP: 6/6
   202 | D:1      | Reached XP level 2. HP: 15/15 MP: 1/8
   261 | D:1      | Learned a level 2 spell: Searing Ray
   405 | D:1      | Reached skill level 5 in Conjurations
   855 | D:2      | Reached XP level 3. HP: 19/19 MP: 3/10
  1458 | D:2      | Reached XP level 4. HP: 24/24 MP: 8/12
  1464 | D:2      | Learned a level 4 spell: Iskenderun's Mystic Blast
  1469 | D:2      | Learned a level 4 spell: Fulminant Prism
  2029 | D:3      | Reached skill level 1 in Hexes
  2081 | D:3      | Reached skill level 6 in Conjurations
  2179 | D:3      | Reached XP level 5. HP: 28/28 MP: 13/13
  2557 | D:3      | Reached skill level 5 in Spellcasting
  2907 | D:3      | Reached XP level 6. HP: 33/33 MP: 15/15
  2940 | D:3      | Learned a level 4 spell: Force Lance
  3661 | D:4      | Found a white marble altar of Elyvilon.
  3759 | D:4      | Reached skill level 1 in Fighting
  3901 | D:4      | Reached skill level 1 in Translocations
  3967 | D:4      | Reached skill level 7 in Conjurations
  3967 | D:4      | Reached XP level 7. HP: 38/38 MP: 17/17
  4106 | D:4      | Found a glowing drain.
  4153 | Sewer    | Entered a sewer
  4478 | Sewer    | Reached skill level 1 in Shields
  5500 | D:4      | Noticed a hungry ghost
  5507 | D:4      | Killed a hungry ghost
  5507 | D:4      | Reached XP level 8. HP: 44/44 MP: 18/19
  5723 | D:5      | Entered Level 5 of the Dungeon
  5784 | D:5      | Found a staircase to the Ecumenical Temple.
  5785 | D:5      | Noticed Pikel
  5786 | D:5      | Noticed Edmund
  6009 | D:5      | Killed Edmund
  6009 | D:5      | Reached skill level 8 in Conjurations
  6084 | D:5      | Killed Pikel
  6353 | D:5      | You fall through a shaft for 3 floors!
  6373 | D:8      | Noticed a two-headed ogre
  6402 | D:8      | Slain by a killer bee

Vault maps used:
D:1:      saegor_arrival_fortress
D:2:      minmay_misc_feat_columns
D:3:      first_bread, serial_forest, infiniplex_forest_lined_4_way,
          infiniplex_forest_clump_double, infiniplex_forest_clump_small,
          infiniplex_forest_corner_2, infiniplex_forest_clump_long,
          infiniplex_forest_diagonal, infiniplex_forest_end_3,
          infiniplex_forest_end_1, minmay_misc_feat_encased,
          kennysheep_generic_room_16
D:4:      gup_sewer_entry_bubbles, elyvilon_altar_4
D:5:      nicolae_ru_the_path_less_chosen, temple_fountains, uniq_pikel,
          uniq_edmund
D:8:      basic_altar, minmay_misc_feat_five
Sewer:    sewer_frog_island_02

Skill      XL: |  1  2  3  4  5  6  7  8 |
---------------+-------------------------+-----
Conjurations   | 5 6 7 8 |  8.7
Spellcasting   | 4 5 6 7 |  7.2
Hexes          | 1 2 3 4 |  4.9
Fighting       | 1 2 |  2.4
Translocations | 1 2 3 |  3.4
Dodging        | 3 4 |  4.5
Shields        | 1 2 |  2.3
Stealth        | |  2.6

Action                   |  1- 3 |  4- 6 |  7- 9 || total
-------------------------+-------+-------+-------++-------
 Fire: Hunting sling     |       |     1 |     4 ||     5
 Cast: Magic Dart        |    72 |    76 |    80 ||   228
       Searing Ray       |     2 |    17 |    14 ||    33
       Iskenderun's Myst |       |     5 |    18 ||    23
       Fulminant Prism   |       |     3 |    13 ||    16
       Force Lance       |       |     1 |     8 ||     9
  Use: Scroll            |       |       |     8 ||     8
  Eat: Chunk             |     1 |     8 |     7 ||    16
       Royal jelly       |       |     1 |       ||     1
       Meat ration       |       |       |     1 ||     1
Armor: Robe              |     7 |     2 |    12 ||    21
Dodge: Dodged            |    15 |    11 |    46 ||    72
Block: Buckler           |       |       |    16 ||    16
